 Dungeon Crawl Stone Soup version 0.30-a0-1053-gbd8d5ba0ad (webtiles) character file.

Game seed: 11655596880564070783

2 gelatine the Stinger (level 1, -1/13 HPs)
             Began as a Demonspawn Venom Mage on Apr 12, 2023.
             Slain by a gnoll
             ... wielding a +0 whip
              (5 damage)
             ... on level 1 of the Dungeon.
             The game lasted 00:00:30 (84 turns).

gelatine the Stinger (Demonspawn Venom Mage)          Turns: 84, Time: 00:00:31

Health: -1/13      AC:  2    Str:  8    XL:     1   Next: 25%
Magic:  0/3        EV: 12    Int: 16    God:
Gold:   0          SH:  0    Dex: 13    Spells: 3/4 levels left

rFire   . . .      SeeInvis .    d - +0 hand axe
rCold   . . .      Faith    .    (no shield)
rNeg    . . .      Spirit   .    a - +0 robe
rPois   .          Reflect  .    (no helmet)
rElec   .          Rampage  .    (no cloak)
rCorr   .                        (no gloves)
Will    .....                    (no boots)
Stlth   ++                       (no amulet)
HPRegen 0.22/turn                (no ring)
MPRegen 0.08/turn                (no ring)

@: no status effects
A: no striking features
a: no special abilities


You were on level 1 of the Dungeon.
You visited 1 branch of the dungeon, and saw 1 of its levels.

Inventory:

Hand Weapons
 d - a +0 hand axe (weapon)
Armour
 a - a +0 robe (worn)
Potions
 b - a potion of magic
 c - a potion of brilliance {unknown}


   Skills:
 + Level 1.7 Dodging
 + Level 1.7 Stealth
 + Level 2.0 Spellcasting
 + Level 0.8 Transmutations
 + Level 3.1 Poison Magic


You had 3 spell levels left.
You knew the following spells:

 Your Spells              Type           Power      Damage    Failure   Level
a - Sting                 Tmut/Pois      32%        1d4       9%          1

Your spell library contained the following spells:

 Spells                   Type           Power      Damage    Failure   Level
 Poisonous Vapours        Pois/Air       12%        N/A       17%         2
 Magic Dart               Conj           4%         1d3       21%         1
 Searing Ray              Conj           2%         2d4       30%         2
 Mephitic Cloud           Conj/Pois/Air  4%         N/A       38%         3
 Olgreb's Toxic Radiance  Pois           11%        N/A       50%         4
 Fulminant Prism          Conj/Hex       0%         3d5       90%         4


Dungeon Overview and Level Annotations

Branches:
Dungeon (1/15)

Altars:


Message History

The endoplasm closely misses you.
The sting hits the endoplasm.
The endoplasm partially resists.
The endoplasm looks even sicker.
You kill the endoplasm!
Magic restored.
You miscast Sting.
You are very lightly contaminated with residual magic.
Nothing appears to happen.
The frilled lizard hisses angrily.
The sting misses the frilled lizard.
The sting misses the frilled lizard.
The frilled lizard bites you.
You are out of magic!
The goblin shouts!
The frilled lizard bites you. The frilled lizard barely misses you.
A gnoll comes into view. It is wielding a +0 whip.
Your magical contamination has completely faded away.
A kobold comes into view. It is wielding a +0 dagger.
You see here a +0 hand axe.
The gnoll shouts!
You hit the frilled lizard.
You kill the frilled lizard!
The sting misses the goblin.
The goblin closely misses you.
You see here a +0 hand axe.
You are out of magic!
You closely miss the goblin. The gnoll closely misses you.
The goblin hits you but does no damage.
d - a +0 hand axe (weapon)
You hit the goblin but do no damage. You closely miss the gnoll.
The goblin hits you but does no damage. The gnoll hits you with a +0 whip.
You barely miss the goblin. You hit the gnoll. You barely miss the kobold.
The kobold barely misses you. The goblin barely misses you.
The gnoll hits you with a +0 whip. The gnoll closely misses you.
The kobold misses you. The goblin hits you with a +0 dagger.
You hit the goblin.
The goblin is heavily wounded.
You hit the gnoll. You hit the kobold. The kobold hits you but does no damage.
The goblin hits you with a +0 dagger. The gnoll hits you with a +0 whip.
You die...

##...................##
##########.##########
.................
.......#.........
.................
..#.#.#.#........
.................
..#.#.#g#†.......
.!.....g@........
..#.#.#K#.......#
..........#######
..#.#.#.#.# ..........#
....####### ####


You could see a gnoll, a goblin and a kobold.

Vanquished Creatures
  An endoplasm (D:1)
  A frilled lizard (D:1)
2 creatures vanquished.

Notes
Turn   | Place    | Note
-------+----------+-------------------------------------------
     0 | D:1      | gelatine the Demonspawn Venom Mage began the quest for the
                  | Orb.
     0 | D:1      | Reached XP level 1. HP: 13/13 MP: 3/3
    84 | D:1      | Slain by a gnoll

Illustrated notes

Levels and vault maps discovered:
D:1:      dpeg_arrival_lava_temple_mockup, layout_rooms, serial_glass,
          glass_columns_c, glass_columns_b, glass_columns_b, glass_columns_a,
          glass_columns_a, glass_columns_c, due_unseen_surprise,
          feat_on_display, item_on_display_a

Action                     || total
---------------------------++-------
  Melee: Hand axe          ||     3
         Unarmed           ||     3
   Cast: Sting             ||     6
 Armour: Robe              ||     3
  Dodge: Dodged            ||     9

Table legend: (Time is in decaauts)
 A = Elapsed time spent in this place.
 B = Non-inter-level travel time spent in this place.
 C = Inter-level travel time spent in this place.
 D = Time resting spent in this place.
 E = Time spent auto-exploring this place.
 F = Levels seen in this place.
 G = Mean time per level.
                   A        B        C        D        E       F      G
               +--------+--------+--------+--------+--------+-----+--------+
         Total |     84 |     84 |      0 |      0 |     43 |   1 |   84.0 |
       Dungeon |     84 |     84 |      0 |      0 |     43 |   1 |   84.0 |
               +--------+--------+--------+--------+--------+-----+--------+

Top non-repeatable levels by time:
     D:1: 84 daAuts
